Match 23948453
Unlisted

Match 23948453
End
Construct Barracks
Riflemen Squad
Riflemen Squad
Engineer Squad
M1 Mortar Team
.30 cal Machine Gun
Selects Advanced Infantry Battlegroup
Selects Artillery Observers
Construct Medical Station
Air Support Center
Selects Convert to Ranger Squad
P-47 Dive Bomb
Convert to Ranger Squad
Construct Tank Depot
Selects Frontline Medical Station
M1 Mortar Team
Convert to Ranger Squad
M18 Hellcat Tank Destroyer
.30 cal Machine Gun
Advanced Air Reconnaissance
Grasshopper High-Altitude Recon Run
Selects M2A1 105mm Howitzer Emplacement
P-47 Dive Bomb
Grasshopper High-Altitude Recon Run
Selects Free Fire Drills
joker
KanKubilai
w33k
UH|BluEskY
insane
iceman
0
0

Comments sign in to comment!

No comments posted yet!